Map: Pillars of Gold LE

Players

Throwfordays - Winner!

  • Race: Zerg Zerg
  • League: Silver
  • Spawn Location: 1:00

GreasyMoney

  • Race: Protoss Protoss
  • Spawn Location: 7:00

VOD

Have the link to the VOD?

Description

Time

  • Played on: July 19, 2020, 2:41 a.m.
  • Length: 3:42
Show
View Real Time Build Order
Export as new Build Order

Throwfordays Zerg - Winner!

Build Orders: Hatch First 

Get SALT Encoding   

  12  0:01  Drone  
  13  0:08  Drone  
  14  0:17  Overlord  
  14  0:44  Hatchery  
  14  0:46  Drone  
  14  0:50  Drone  
  14  0:54  Drone  
  16  1:09  Spawning Pool  
  15  1:14  Drone  
  15  1:17  Drone  
  17  1:20  Extractor  
  17  1:22  Drone  
  17  1:31  Drone  
  18  1:41  Drone  
  19  1:56  Queen x2  
  19  1:59  Zergling x2  
  24  2:03  Zergling x2  
  24  2:06  Zergling x2  
  26  2:13  Overlord  
  26  2:23  Zergling x4  
  26  2:28  Overlord  
  28  2:51  Zergling x6  
  31  2:53  Zergling x4  
  33  3:00  Zergling x2  
  33  3:02  Zergling x2  
  35  3:06  Zergling x2  
  35  3:07  Zergling x4  
  35  3:09  Zergling x4  
Show
View Real Time Build Order
Export as new Build Order

GreasyMoney Protoss 

Build Orders:  

Get SALT Encoding   

  12  0:02  Probe  
  13  0:15  Probe  
  14  0:27  Probe  
  15  0:37  Pylon  
  15  0:55  Probe  
  16  1:04  Gateway  
  16  1:07  Probe  
  17  1:15  Probe  
  17  1:22  Assimilator  
  17  1:23  Probe  
  19  1:33  Probe  
  20  1:45  Probe  
  21  1:58  Probe  
  22  2:18  Cybernetics Core  
  22  2:22  Probe  
  22  2:25  Nexus  
  23  2:44  Pylon  
  23  3:02  Probe  
  26  3:12  Gateway  
  26  3:14  Probe  
Tags
 
League
Silver
Matchup
PvZ
Replay Pack
Multiplayer
Spawn Locations
Cross Positions
Add a new tag
Caveats
  • Supply blocks, unpowered buildings, or Contaminate may cause inaccurate times.
  • Supply counts are checked every 10 seconds.